| TOP OF THE 1ST |
|
San Juan Pitorros batting - Pitching for Fort de France Carnivals : RHP Brent Gaff
|
|
Pitching: RHP Brent Gaff
|
|
|
Batting: LHB Mike Woodard
|
0-0: SINGLE (Flyball, 89M, EV 90.6 MPH)
|
|
Batting: RHB Rafael Ramirez
|
0-0: Ball 1-0: Ball 2-0: Called Strike Mike Woodard steals 2nd base 2-1: Foul Ball, location: 2F 2-2: Foul Ball, location: 2F 2-2: Ball 3-2: Foul Ball, location: 2F 3-2: Foul Ball, location: 2F 3-2: SINGLE (Line Drive, 89M, EV 96.3 MPH) Mike Woodard to third
|
|
Batting: RHB Mike A Marshall
|
0-0: Ball 1-0: Foul Ball, location: 2F 1-1: SINGLE (Line Drive, 6D, EV 100.6 MPH) Mike Woodard scores Rafael Ramirez to second
|
|
Batting: RHB Robert Gilles
|
0-0: Called Strike 0-1: Ball 1-1: Foul Ball, location: 2F 1-2: Ball 2-2: Ball 3-2: SINGLE (Groundball, 56D, EV 103.8 MPH) Rafael Ramirez to third Mike A Marshall to second Runner from 3rd tries for Home, SAFE, no throw by LF
|
|
Batting: SHB Kevin King
|
0-0: Ball 1-0: Fly out, F9 (Flyball, 9, EV 85.0 MPH)
|
|
Batting: RHB Brian Harper
|
0-0: Ball 1-0: Called Strike 1-1: Foul Ball, location: 2F 1-2: Foul Ball, location: 2F 1-2: Strikes out looking
|
|
Batting: RHB George Hinshaw
|
0-0: Single, Error in OF, E8, batter to second base (Groundball, 4MD, EV 96.9 MPH) Mike A Marshall scores Robert Gilles to third
|
|
Batting: RHB Chris Brown
|
0-0: Called Strike 0-1: Called Strike 0-2: Ball 1-2: Foul Ball, location: 2F 1-2: Strikes out swinging
|
| Top of the 1st over - 3 runs, 5 hits, 1 error, 2 left on base; San Juan 3 - Fort de France 0 |
| BOTTOM OF THE 1ST |
|
Fort de France Carnivals batting - Pitching for San Juan Pitorros : RHP Luis Gutierrez
|
|
Pitching: RHP Luis Gutierrez
|
|
|
Batting: LHB Jesus Ramos
|
0-0: Ground out 6-3 (Groundball, 6, EV 102.5 MPH)
|
|
Batting: LHB Carlos Cabassa
|
0-0: Called Strike 0-1: Ball 1-1: Foul Ball, location: 2F 1-2: Ball 2-2: Ground out 4-3 (Groundball, 4, EV 88.1 MPH)
|
|
Batting: RHB Alan Trammell
|
0-0: Ball 1-0: Ball 2-0: Ball 3-0: Base on Balls
|
|
Batting: RHB Tom Brunansky
|
0-0: Ball 1-0: Called Strike 1-1: Foul Ball, location: 2F 1-2: Strikes out looking
|
| Bottom of the 1st over - 0 runs, 0 hits, 0 errors, 1 left on base; San Juan 3 - Fort de France 0 |
| TOP OF THE 2ND |
|
San Juan Pitorros batting - Pitching for Fort de France Carnivals : RHP Brent Gaff
|
|
Batting: LHB Alex Campos
|
0-0: Foul Ball, location: 2F 0-1: Ball 1-1: Reached on error, E4 (Groundball, 34, EV 101.9 MPH)
|
|
Batting: LHB Mike Woodard
|
0-0: Swinging Strike 0-1: Called Strike 0-2: Fly out, F4 (Popup, 4S, EV 66.3 MPH)
|
|
Batting: RHB Rafael Ramirez
|
0-0: Ball 1-0: Ball Pickoff Throw to First - Out! 1-3 2-0: SINGLE (Groundball, 34, EV 81.3 MPH) (infield hit)
|
|
Batting: RHB Mike A Marshall
|
0-0: Ball 1-0: Ball 2-0: Called Strike 2-1: Ball 3-1: Fielders Choice at 2nd, 6-4 (Groundball, 6, EV 91.3 MPH)
|
| Top of the 2nd over - 0 runs, 1 hit, 1 error, 1 left on base; San Juan 3 - Fort de France 0 |
| BOTTOM OF THE 2ND |
|
Fort de France Carnivals batting - Pitching for San Juan Pitorros : RHP Luis Gutierrez
|
|
Batting: RHB Cressy Pratt
|
0-0: Ball 1-0: Ball 2-0: Ball 3-0: Base on Balls
|
|
Batting: RHB Gary House
|
0-0: Ball 1-0: Called Strike 1-1: Ball 2-1: Ball 3-1: Base on Balls Cressy Pratt to second
|
|
Batting: RHB Tom Dodd
|
0-0: Ball 1-0: Called Strike 1-1: Ball 2-1: Ball 3-1: Foul Ball, location: 2F 3-2: Strikes out swinging
|
|
Batting: LHB Omar Guerrero
|
0-0: Ball 1-0: Called Strike 1-1: Ball 2-1: Called Strike 2-2: Foul Ball, location: 2F 2-2: Foul Ball, location: 2F 2-2: SINGLE (Line Drive, 7S, EV 108.1 MPH) Cressy Pratt to third Gary House to second
|
|
Batting: RHB Kelly Gruber
|
0-0: Ball 1-0: Fielders Choice at 2nd, 4-6 (Groundball, 4M, EV 98.1 MPH) Cressy Pratt scores Gary House to third
|
|
Batting: LHB Jesus Ramos
|
0-0: Ball 1-0: Called Strike 1-1: Ball 2-1: Swinging Strike 2-2: Ground out 4-3 (Groundball, 4, EV 86.9 MPH)
|
| Bottom of the 2nd over - 1 run, 1 hit, 0 errors, 2 left on base; San Juan 3 - Fort de France 1 |
| TOP OF THE 3RD |
|
San Juan Pitorros batting - Pitching for Fort de France Carnivals : RHP Brent Gaff
|
|
Batting: RHB Robert Gilles
|
0-0: Ball 1-0: Swinging Strike 1-1: Ball 2-1: Called Strike 2-2: Ball 3-2: Strikes out swinging
|
|
Batting: SHB Kevin King
|
0-0: Ball 1-0: Ball 2-0: Swinging Strike 2-1: Ball 3-1: Base on Balls
|
|
Batting: RHB Brian Harper
|
0-0: Called Strike 0-1: SINGLE (Groundball, 56D, EV 97.5 MPH) Kevin King to second
|
|
Batting: RHB George Hinshaw
|
0-0: Ball 1-0: Foul Ball, location: 2F 1-1: Fly out, F7 (Line Drive, 7, EV 106.9 MPH)
|
|
Batting: RHB Chris Brown
|
0-0: Called Strike 0-1: Foul Ball, location: 2F 0-2: Strikes out swinging
|
| Top of the 3rd over - 0 runs, 1 hit, 0 errors, 2 left on base; San Juan 3 - Fort de France 1 |
| BOTTOM OF THE 3RD |
|
Fort de France Carnivals batting - Pitching for San Juan Pitorros : RHP Luis Gutierrez
|
|
Batting: LHB Carlos Cabassa
|
0-0: Foul Ball, location: 2F 0-1: Ball 1-1: Ball 2-1: Ball 3-1: Base on Balls
|
|
Batting: RHB Alan Trammell
|
0-0: Foul Ball, location: 2F 0-1: Foul Ball, location: 2F 0-2: Ball 1-2: Ball 2-2: Ball 3-2: Base on Balls Carlos Cabassa to second
|
|
Batting: RHB Tom Brunansky
|
0-0: Foul Ball, location: 2F 0-1: Swinging Strike 0-2: Ball 1-2: Fly out, F8 (Flyball, 8RM, EV 76.3 MPH)
|
|
Batting: RHB Cressy Pratt
|
0-0: Called Strike 0-1: Ball 1-1: Called Strike 1-2: Ball 2-2: Ball 3-2: Base on Balls Carlos Cabassa to third Alan Trammell to second
|
|
Batting: RHB Gary House
|
0-0: Called Strike 0-1: Ball 1-1: Ball 2-1: Foul Ball, location: 2F 2-2: Foul Ball, location: 2F 2-2: Strikes out swinging
|
|
Batting: RHB Tom Dodd
|
0-0: Ball 1-0: Called Strike 1-1: Foul Ball, location: 2F 1-2: Strikes out swinging
|
| Bottom of the 3rd over - 0 runs, 0 hits, 0 errors, 3 left on base; San Juan 3 - Fort de France 1 |
| TOP OF THE 4TH |
|
San Juan Pitorros batting - Pitching for Fort de France Carnivals : RHP Brent Gaff
|
|
Batting: LHB Alex Campos
|
0-0: Ball 1-0: Ball 2-0: Called Strike 2-1: Fly out, F8 (Flyball, 8RD, EV 104.4 MPH)
|
|
Batting: LHB Mike Woodard
|
0-0: Called Strike 0-1: Ground out 4-3 (Groundball, 4, EV 86.3 MPH)
|
|
Batting: RHB Rafael Ramirez
|
0-0: Called Strike 0-1: Ball 1-1: Foul Ball, location: 2F 1-2: Ball 2-2: Foul Ball, location: 2F 2-2: Foul Ball, location: 2F 2-2: Foul Ball, location: 2F 2-2: SINGLE (Groundball, 56D, EV 98.1 MPH)
|
|
Batting: RHB Mike A Marshall
|
0-0: Ball 1-0: SINGLE (Flyball, 8LS, EV 99.4 MPH) Rafael Ramirez to second
|
|
Batting: RHB Robert Gilles
|
0-0: Foul Ball, location: 2F 0-1: Foul Ball, location: 2F 0-2: Strikes out swinging
|
| Top of the 4th over - 0 runs, 2 hits, 0 errors, 2 left on base; San Juan 3 - Fort de France 1 |
| BOTTOM OF THE 4TH |
|
Fort de France Carnivals batting - Pitching for San Juan Pitorros : RHP Luis Gutierrez
|
|
Batting: LHB Omar Guerrero
|
0-0: Ball 1-0: Fly out, F9 (Flyball, 8RS, EV 88.8 MPH)
|
|
Batting: RHB Kelly Gruber
|
0-0: Swinging Strike 0-1: Ball 1-1: Foul Ball, location: 2F 1-2: Ball 2-2: Strikes out swinging
|
|
Batting: LHB Jesus Ramos
|
0-0: Ball 1-0: Swinging Strike 1-1: Swinging Strike 1-2: Strikes out looking
|
| Bottom of the 4th over - 0 runs, 0 hits, 0 errors, 0 left on base; San Juan 3 - Fort de France 1 |
| TOP OF THE 5TH |
|
San Juan Pitorros batting - Pitching for Fort de France Carnivals : RHP Brent Gaff
|
|
Batting: SHB Kevin King
|
0-0: Fly out, F7 (Flyball, 78XD, EV 95.6 MPH)
|
|
Batting: RHB Brian Harper
|
0-0: Fly out, F9 (Flyball, 9LM, EV 103.1 MPH)
|
|
Batting: RHB George Hinshaw
|
0-0: Foul Ball, location: 2F 0-1: Swinging Strike 0-2: Ball 1-2: SINGLE (Groundball, 56, EV 100.6 MPH) (infield hit)
|
|
Batting: RHB Chris Brown
|
0-0: Ball 1-0: Ball 2-0: Ball 3-0: Called Strike 3-1: SINGLE (Flyball, 8RS, EV 94.4 MPH) George Hinshaw to second
|
|
Batting: LHB Alex Campos
|
0-0: Called Strike 0-1: Called Strike 0-2: Ball 1-2: Ball 2-2: Fly out, F9 (Flyball, 9S, EV 92.5 MPH)
|
| Top of the 5th over - 0 runs, 2 hits, 0 errors, 2 left on base; San Juan 3 - Fort de France 1 |
| BOTTOM OF THE 5TH |
|
Fort de France Carnivals batting - Pitching for San Juan Pitorros : RHP Luis Gutierrez
|
|
Batting: LHB Carlos Cabassa
|
0-0: Called Strike 0-1: Ball 1-1: Ball 2-1: Ball 3-1: Base on Balls
|
|
Batting: RHB Alan Trammell
|
0-0: Called Strike 0-1: Swinging Strike 0-2: Ball 1-2: Grounds into double play, 6-4-3 (Groundball, 6M, EV 84.4 MPH)
|
|
Batting: RHB Tom Brunansky
|
0-0: Foul Ball, location: 2F 0-1: Ball 1-1: Ball 2-1: Ball 3-1: Foul Ball, location: 2F 3-2: Base on Balls
|
|
Pitching: RHP Bob Shirley
|
|
|
Batting: RHB Cressy Pratt
|
0-0: Ball 1-0: Called Strike 1-1: 2-RUN HOME RUN (Flyball, 7LD, EV 107.5 MPH), Distance : 334 ft
|
|
Batting: RHB Gary House
|
0-0: Called Strike 0-1: Fly out, F7 (Flyball, 78S, EV 77.5 MPH)
|
| Bottom of the 5th over - 2 runs, 1 hit, 0 errors, 0 left on base; San Juan 3 - Fort de France 3 |
| TOP OF THE 6TH |
|
San Juan Pitorros batting - Pitching for Fort de France Carnivals : RHP Brent Gaff
|
|
Batting: LHB Mike Woodard
|
0-0: Ball 1-0: Called Strike 1-1: Swinging Strike 1-2: Ground out 4-3 (Groundball, 4, EV 78.8 MPH)
|
|
Batting: RHB Rafael Ramirez
|
0-0: Ball 1-0: Called Strike 1-1: Swinging Strike 1-2: Ball 2-2: SINGLE (Groundball, 4, EV 96.3 MPH) (infield hit)
|
|
Batting: RHB Mike A Marshall
|
0-0: Ball 1-0: Ball 2-0: 2-RUN HOME RUN (Flyball, 7LD, EV 93.1 MPH), Distance : 327 ft
|
|
Pitching: RHP Steve Eddy
|
|
|
Batting: RHB Robert Gilles
|
0-0: Ball 1-0: Swinging Strike 1-1: Foul Ball, location: 2F 1-2: Foul Ball, location: 2F 1-2: Strikes out swinging
|
|
Batting: SHB Kevin King
|
0-0: Foul Ball, location: 2F 0-1: Ball 1-1: SINGLE (Groundball, 4, EV 87.5 MPH) (infield hit)
|
|
Batting: RHB Brian Harper
|
0-0: Ball Kevin King steals 2nd base 1-0: Ground out 5-3 (Groundball, 56, EV 81.9 MPH)
|
| Top of the 6th over - 2 runs, 3 hits, 0 errors, 1 left on base; San Juan 5 - Fort de France 3 |
| BOTTOM OF THE 6TH |
|
Fort de France Carnivals batting - Pitching for San Juan Pitorros : RHP Bob Shirley
|
|
Batting: RHB Tom Dodd
|
0-0: Foul Ball, location: 2F 0-1: Ball 1-1: Ball 2-1: Single, Error in OF, E9, batter to second base (Groundball, 34D, EV 100.6 MPH)
|
|
Batting: LHB Omar Guerrero
|
0-0: Ball 1-0: Ball Wild Pitch! Tom Dodd to third 2-0: Ball 3-0: Base on Balls
|
|
Batting: RHB Kelly Gruber
|
0-0: Ball 1-0: Swinging Strike 1-1: Ball 2-1: Called Strike 2-2: Foul Ball, location: 2F 2-2: Fielders Choice at 2nd, 4-6 (Groundball, 4, EV 88.8 MPH) Tom Dodd scores
|
|
Batting: LHB Jesus Ramos
|
0-0: Foul Ball, location: 2F 0-1: Swinging Strike 0-2: Ball 1-2: Ball 2-2: Strikes out swinging
|
|
Batting: LHB Carlos Cabassa
|
0-0: Ball 1-0: Ground out 5-3 (Groundball, 56S, EV 85.0 MPH)
|
| Bottom of the 6th over - 1 run, 1 hit, 1 error, 1 left on base; San Juan 5 - Fort de France 4 |
| TOP OF THE 7TH |
|
San Juan Pitorros batting - Pitching for Fort de France Carnivals : RHP Steve Eddy
|
|
Batting: RHB George Hinshaw
|
0-0: Ball 1-0: Foul Ball, location: 2F 1-1: Swinging Strike 1-2: Foul Ball, location: 2F 1-2: Strikes out swinging
|
|
Batting: RHB Chris Brown
|
0-0: Called Strike 0-1: Called Strike 0-2: Strikes out swinging
|
|
Batting: LHB Alex Campos
|
0-0: Ball 1-0: Ball 2-0: Ground out 4-3 (Groundball, 4D, EV 105.0 MPH)
|
| Top of the 7th over - 0 runs, 0 hits, 0 errors, 0 left on base; San Juan 5 - Fort de France 4 |
| BOTTOM OF THE 7TH |
|
Fort de France Carnivals batting - Pitching for San Juan Pitorros : RHP Bob Shirley
|
|
Batting: RHB Alan Trammell
|
0-0: Called Strike 0-1: Ball 1-1: Ground out 4-3 (Groundball, 4, EV 108.8 MPH)
|
|
Batting: RHB Tom Brunansky
|
0-0: Fly out, F3 (Popup, 3, EV 66.9 MPH)
|
|
Batting: RHB Cressy Pratt
|
0-0: Ball 1-0: Ball 2-0: Called Strike 2-1: Ball 3-1: Foul Ball, location: 2F 3-2: Strikes out looking
|
| Bottom of the 7th over - 0 runs, 0 hits, 0 errors, 0 left on base; San Juan 5 - Fort de France 4 |
| TOP OF THE 8TH |
|
San Juan Pitorros batting - Pitching for Fort de France Carnivals : RHP Steve Eddy
|
|
Batting: LHB Mike Woodard
|
0-0: Called Strike 0-1: Ball 1-1: Fly out, F4 (Popup, 34, EV 52.5 MPH)
|
|
Batting: RHB Rafael Ramirez
|
0-0: Called Strike 0-1: Ball 1-1: Ball 2-1: SINGLE (Line Drive, 34D, EV 93.8 MPH)
|
|
Batting: RHB Mike A Marshall
|
0-0: Ball 1-0: Called Strike 1-1: Called Strike 1-2: Strikes out looking
|
|
Batting: RHB Robert Gilles
|
0-0: Ball 1-0: Ball 2-0: Called Strike 2-1: Called Strike 2-2: Ball 3-2: Strikes out swinging
|
| Top of the 8th over - 0 runs, 1 hit, 0 errors, 1 left on base; San Juan 5 - Fort de France 4 |
| BOTTOM OF THE 8TH |
|
Fort de France Carnivals batting - Pitching for San Juan Pitorros : RHP Bob Shirley
|
|
Batting: RHB Gary House
|
0-0: Foul Ball, location: 2F 0-1: Swinging Strike 0-2: Strikes out swinging, 2-3 out at first.
|
|
Batting: RHB Tom Dodd
|
0-0: Ball 1-0: Ball 2-0: Ball 3-0: Base on Balls
|
|
Pitching: RHP Dave S Smith
|
|
|
Pinch Hitting: LHB Michael Barnes
|
0-0: Called Strike 0-1: Called Strike 0-2: Ball 1-2: Foul Ball, location: 2F 1-2: Strikes out looking
|
|
Pinch Hitting: SHB Gary Pettis
|
0-0: Called Strike 0-1: Ball 1-1: Swinging Strike 1-2: Ball 2-2: Strikes out swinging
|
| Bottom of the 8th over - 0 runs, 0 hits, 0 errors, 1 left on base; San Juan 5 - Fort de France 4 |
| TOP OF THE 9TH |
|
San Juan Pitorros batting - Pitching for Fort de France Carnivals : RHP Steve Eddy
|
|
Now at 1B: Felix Agapay
|
|
|
Now at 2B: Michael Barnes
|
|
|
Batting: SHB Kevin King
|
0-0: Called Strike 0-1: Foul Ball, location: 2F 0-2: Ball 1-2: Foul Ball, location: 2F 1-2: Foul Ball, location: 2F 1-2: Ball 2-2: Fly out, F8 (Flyball, 78M, EV 79.4 MPH)
|
|
Pitching: RHP Jose DeLeon
|
|
|
Batting: RHB Brian Harper
|
0-0: Ball 1-0: Called Strike 1-1: Ball 2-1: Ground out 5-3 (Groundball, 56S, EV 67.5 MPH)
|
|
Batting: RHB George Hinshaw
|
0-0: Ball 1-0: Called Strike 1-1: Hit by Pitch
|
|
Batting: RHB Chris Brown
|
0-0: Ground out 5-3 (Groundball, 5S, EV 91.3 MPH)
|
| Top of the 9th over - 0 runs, 0 hits, 0 errors, 1 left on base; San Juan 5 - Fort de France 4 |
| BOTTOM OF THE 9TH |
|
Fort de France Carnivals batting - Pitching for San Juan Pitorros : RHP Dave S Smith
|
|
Pitching: RHP Win Remmerswaal
|
|
|
Now at 3B: UL Washington
|
|
|
Batting: LHB Jesus Ramos
|
0-0: Foul Ball, location: 2F 0-1: Ball 1-1: Called Strike 1-2: Foul Ball, location: 2F 1-2: Ball 2-2: Foul Ball, location: 2F 2-2: Strikes out swinging
|
|
Batting: LHB Carlos Cabassa
|
0-0: Called Strike 0-1: Foul Ball, location: 2F 0-2: Fly out, F9 (Flyball, 9, EV 90.6 MPH)
|
|
Batting: RHB Alan Trammell
|
0-0: Ball 1-0: Ground out 6-3 (Groundball, 6, EV 105.6 MPH)
|
| Bottom of the 9th over - 0 runs, 0 hits, 0 errors, 0 left on base; San Juan 5 - Fort de France 4 |
|